[Event "48° Campionato Italiano Assoluto ASCID"]
[Site "Senigallia (AN)"]
[Date "2021.07.26"]
[Round "1"]
[White "Delmonte, Davide"]
[Black "Casadei, Marco"]
[Result "0-1"]
[Board "2"]
[WhiteElo "1170"]
[BlackElo "1932"]
[Time "09:00:00"]
[TimeControl "40/6000+30:1200+30"]
[ECO "A45"]
[Opening "Trompovsky attack (Ruth, Opovcensky opening)"]
[PlyCount "38"]
[EventDate "2021.07.26"]
[EventRounds "7"]
[EventCountry "ITA"]
[Annotator "Bersca0.53"]

1. d4 Nf6 2. Bg5 Ne4 3. Nh3 d5 4. c4 Bxh3 5. Qa4+ Bd7 6. Qb4 Nxg5 7. e3 Nc6 8.
Qxb7 Rb8 9. Qa6 Nb4 10. Qxa7 Nc2+ 11. Kd1 Nxa1 12. cxd5 Ne4 13. Bc4 Nxf2+ 14.
Kd2 Rxb2+ 15. Kc3 Rc2+ 16. Kb4 e6+ 17. d6 Bxd6+ 18. Ka5 Rxc4 19. Na3 Ra4#
0-1

[Event "48° Campionato Italiano Assoluto ASCID"]
[Site "Senigallia (AN)"]
[Date "2021.07.26"]
[Round "1"]
[White "Pugliese, Giuseppe Franco"]
[Black "Rivalta, Paolo"]
[Result "1/2-1/2"]
[Board "3"]
[WhiteElo "1630"]
[BlackElo "1101"]
[Time "09:00:00"]
[TimeControl "40/6000+30:1200+30"]
[ECO "C44"]
[Opening "King's pawn game"]
[PlyCount "102"]
[EventDate "2021.07.26"]
[EventRounds "7"]
[EventCountry "ITA"]
[Annotator "Bersca0.53"]

1. e4 e5 2. Nf3 Nc6 3. a3 Nf6 4. Nc3 Be7 5. d4 d6 6. dxe5 dxe5 7. Bd3 O-O 8. h3
Nd4 9. Nxe5 h6 10. O-O b6 11. Be3 c5 12. Nf3 Bb7 13. Bxd4 cxd4 14. Nb5 Bxe4 15.
Re1 Bxf3 16. Qxf3 a6 17. Nxd4 Qxd4 18. Rxe7 Qxb2 19. Ree1 a5 20. Reb1 Qd4 21.
Rd1 Qb2 22. a4 Rad8 23. Rab1 Qa2 24. Rxb6 Qxa4 25. Rbb1 Nd7 26. Ra1 Qb4 27. Qf5
Nf6 28. Qxa5 Qe7 29. Qe1 Qc5 30. Ra5 Qc7 31. Re5 Rfe8 32. Rxe8+ Rxe8 33. Qd2 Kf8
34. Kf1 Rd8 35. Re1 Qh2 36. f3 Nd5 37. Bc4 Qd6 38. Bxd5 Qxd5 39. Qxd5 Rxd5 40.
Re2 f5 41. g3 g5 42. Ke1 Kf7 43. f4 g4 44. hxg4 fxg4 45. Kf2 h5 46. Ke3 Kf6 47.
Ke4 Rd1 48. Rg2 Re1+ 49. Kd3 Rd1+ 50. Ke3 Rh1 51. Ke2 Kf5
1/2-1/2

[Event "48° Campionato Italiano Assoluto ASCID"]
[Site "Senigallia (AN)"]
[Date "2021.07.26"]
[Round "1"]
[White "Abate, Luigi"]
[Black "Poli, Diego"]
[Result "0-1"]
[Board "4"]
[WhiteElo "999"]
[BlackElo "1611"]
[Time "09:00:00"]
[TimeControl "40/6000+30:1200+30"]
[ECO "B01"]
[Opening "Scandinavian defence"]
[PlyCount "74"]
[EventDate "2021.07.26"]
[EventRounds "7"]
[EventCountry "ITA"]
[Annotator "Bersca0.53"]

1. e4 d5 2. exd5 Nf6 3. Nc3 Nxd5 4. Nxd5 Qxd5 5. Nf3 Nc6 6. c4 Qe4+ 7. Qe2 Bf5
8. d3 Qxe2+ 9. Bxe2 O-O-O 10. Bf4 Bxd3 11. Bxd3 Rxd3 12. O-O f6 13. b3 e5 14.
Be3 Bb4 15. h3 Rhd8 16. a3 Bc3 17. Rac1 Bb2 18. Ne1 Bxc1 19. Nxd3 Bxe3 20. Rd1
Bh6 21. Nb2 Rxd1+ 22. Nxd1 Na5 23. Nc3 Nxb3 24. f3 Nd2 25. c5 Be3+ 26. Kh1 Bxc5
27. Ne4 Bxa3 28. Nxd2 b5 29. Kg1 a5 30. Kf1 c5 31. Ke1 Bb4 32. Kd1 Bxd2 33. Kxd2
Kc7 34. Kc2 Kc6 35. g3 a4 36. Kb2 b4 37. Kc2 c4
0-1

[Event "48° Campionato Italiano Assoluto ASCID"]
[Site "Senigallia (AN)"]
[Date "2021.07.26"]
[Round "1"]
[White "Pezzolato, Erica"]
[Black "Balsamo, Selida"]
[Result "1-0"]
[Board "5"]
[WhiteElo "1453"]
[BlackElo "999"]
[Time "09:00:00"]
[TimeControl "40/6000+30:1200+30"]
[ECO "A10"]
[Opening "English opening"]
[PlyCount "78"]
[EventDate "2021.07.26"]
[EventRounds "7"]
[EventCountry "ITA"]
[Annotator "Bersca0.53"] 

1. c4 d5 2. cxd5 Qxd5 3. Nc3 Qd6 4. Nf3 e5 5. d3 Be6 6. g3 Nc6 7. Bg2 Nd4 8.
Nxd4 exd4 9. Ne4 Qe5 10. O-O Bd5 11. Bf4 Qf5 12. Qa4+ c6 13. Qxd4 Bxe4 14. Bxe4
c5 15. Qe5+ Qxe5 16. Bxe5 Nh6 17. Bxb7 Rd8 18. Rac1 Bd6 19. Bxd6 Rxd6 20. Rxc5
O-O 21. Rfc1 Rd7 22. Bg2 f5 23. Rc8 Rd4 24. Rxf8+ Kxf8 25. Rc7 Ra4 26. a3 f4 27.
Rc4 Rxc4 28. dxc4 fxg3 29. hxg3 Nf5 30. c5 Ke8 31. c6 Kd8 32. b4 Kc7 33. b5 Kb6
34. a4 a5 35. bxa6 Nd6 36. c7 Kxa6 37. e4 Kb6 38. e5 Kxc7 39. exd6+ Kxd6
1-0

[Event "48° Campionato Italiano Assoluto ASCID"]
[Site "Senigallia (AN)"]
[Date "2021.07.26"]
[Round "1"]
[White "Marinò, Giuseppe"]
[Black "Parravano, Luca"]
[Result "1-0"]
[Board "7"]
[WhiteElo "1353"]
[BlackElo "999"]
[Time "09:00:00"]
[TimeControl "40/6000+30:1200+30"]
[ECO "D05"]
[Opening "Queen's pawn game"]
[PlyCount "39"]
[EventDate "2021.07.26"]
[EventRounds "7"]
[EventCountry "ITA"]
[Annotator "Bersca0.53"]

1. d4 d5 2. Nf3 Nf6 3. e3 e6 4. Bd3 g6 5. O-O Nbd7 6. Nbd2 Bg7 7. c3 O-O 8. e4
dxe4 9. Nxe4 Nxe4 10. Bxe4 e5 11. dxe5 Nxe5 12. Nxe5 Qxd1 13. Rxd1 Bxe5 14. Be3
Bf5 15. Bxf5 gxf5 16. Rd5 f4 17. Rxe5 fxe3 18. Rxe3 Rfe8 19. Rae1 Rxe3 20. Rxe3
1-0

[Event "48° Campionato Italiano Assoluto ASCID"]
[Site "Senigallia (AN)"]
[Date "2021.07.26"]
[Round "1"]
[White "Battaglia, Gabriele"]
[Black "Zanotti, Damiano"]
[Result "1-0"]
[Board "9"]
[WhiteElo "1245"]
[BlackElo "999"]
[Time "09:00:00"]
[TimeControl "40/6000+30:1200+30"]
[ECO "A05"]
[Opening "Reti opening"]
[PlyCount "23"]
[EventDate "2021.07.26"]
[EventRounds "7"]
[EventCountry "ITA"]
[Annotator "Bersca0.53"]

1. Nf3 Nf6 2. g3 d5 3. Bg2 e6 4. O-O Bd6 5. d3 O-O 6. Nbd2 b6 7. e4 e5 8. exd5
Nxd5 9. Re1 Nd7 10. c4 N5f6 11. Nxe5 Rb8 12. Nc6
1-0

[Event "48° Campionato Italiano Assoluto ASCID"]
[Site "Senigallia (AN)"]
[Date "2021.07.26"]
[Round "2"]
[White "Sommadossi, Roberto"]
[Black "Vrioni, Bersan"]
[Result "0-1"]
[Board "1"]
[WhiteElo "1435"]
[BlackElo "1936"]
[Time "15:30:00"]
[TimeControl "40/6000+30:1200+30"]
[ECO "C25"]
[Opening "Vienna game"]
[PlyCount "26"]
[EventDate "2021.07.26"]
[EventRounds "7"]
[EventCountry "ITA"]
[Annotator "Bersca0.53"]

1. e4 e5 2. Nc3 Bc5 3. Bc4 Nf6 4. Nge2 Nc6 5. O-O a6 6. d4 Nxd4 7. Nxd4 Bxd4 8.
Bg5 h6 9. Bxf6 Qxf6 10. Nd5 Qd8 11. c3 Ba7 12. Qg4 O-O 13. Ne3 d5
0-1

[Event "48° Campionato Italiano Assoluto ASCID"]
[Site "Senigallia (AN)"]
[Date "2021.07.26"]
[Round "2"]
[White "Poli, Diego"]
[Black "Battaglia, Gabriele"]
[Result "1-0"]
[Board "3"]
[WhiteElo "1611"]
[BlackElo "1245"]
[Time "15:30:00"]
[TimeControl "40/6000+30:1200+30"]
[ECO "E90"]
[Opening "King's Indian"]
[Variation "5.Nf3"]
[PlyCount "65"]
[EventDate "2021.07.26"]
[EventRounds "7"]
[EventCountry "ITA"]
[Annotator "Bersca0.53"]

1. d4 Nf6 2. c4 g6 3. Nc3 Bg7 4. e4 d6 5. Nf3 Nbd7 6. Be2 O-O 7. O-O c5 8. d5 a6
9. a3 Rb8 10. Rb1 b5 11. cxb5 axb5 12. b4 Qb6 13. Bb2 c4 14. Qc2 Bb7 15. Rbd1
Ba8 16. Nd4 Nxd5 17. Nxd5 Bxd5 18. exd5 Nf6 19. Bf3 Rfe8 20. Rfe1 Qc7 21. Re2
Rb7 22. Rde1 Qd7 23. Nc6 e6 24. dxe6 Rxe6 25. Rxe6 fxe6 26. Nd4 Rb8 27. Rxe6 Ne8
28. Bd5 Kh8 29. Qe2 Nf6 30. Re7 Re8 31. Rxe8+ Nxe8 32. Bc6 Qf7 33. Qxe8+
1-0

[Event "48° Campionato Italiano Assoluto ASCID"]
[Site "Senigallia (AN)"]
[Date "2021.07.26"]
[Round "2"]
[White "Manneschi, Fabrizio"]
[Black "Pezzolato, Erica"]
[Result "0-1"]
[Board "4"]
[WhiteElo "1335"]
[BlackElo "1453"]
[Time "15:30:00"]
[TimeControl "40/6000+30:1200+30"]
[ECO "A05"]
[Opening "Reti opening"]
[PlyCount "84"]
[EventDate "2021.07.26"]
[EventRounds "7"]
[EventCountry "ITA"]
[Annotator "Bersca0.53"]

1. Nf3 Nf6 2. d4 g6 3. Bg5 Bg7 4. Qd2 Ne4 5. Qe3 Nxg5 6. Qxg5 d6 7. Nc3 Nc6 8.
O-O-O O-O 9. e4 Bd7 10. Nd5 h6 11. Qe3 e6 12. Nf4 e5 13. dxe5 Nxe5 14. Nxe5 Bxe5
15. Nd3 Bg7 16. h4 Be6 17. Nb4 Qf6 18. c3 Rfe8 19. h5 g5 20. Bb5 Red8 21. Nd3 a6
22. Ba4 b5 23. Bb3 c5 24. e5 dxe5 25. Qxc5 Bxb3 26. axb3 e4 27. Ne5 Qxe5 28.
Qxe5 Bxe5 29. Rde1 f5 30. Rhf1 Rf8 31. Rd1 Rad8 32. Rde1 Rd6 33. f3 Bf4+ 34. Kc2
Rd2+ 35. Kb1 Rxg2 36. fxe4 fxe4 37. Rxe4 Rd2 38. Rfe1 Bg3 39. R1e3 Bc7 40. Kc1
Rdf2 41. Re7 R2f7 42. R7e6 Bf4
0-1

[Event "48° Campionato Italiano Assoluto ASCID"]
[Site "Senigallia (AN)"]
[Date "2021.07.26"]
 [Round "2"]
[White "Trapletti, Cosetta"]
[Black "Pugliese, Giuseppe Franco"]
[Result "0-1"]
[Board "5"]
[WhiteElo "1245"]
[BlackElo "1630"]
[Time "15:30:00"]
[TimeControl "40/6000+30:1200+30"]
[ECO "A56"]
[Opening "Benoni defence"]
[PlyCount "46"]
[EventDate "2021.07.26"]
[EventRounds "7"]
[EventCountry "ITA"]
[Annotator "Bersca0.53"]

1. d4 Nf6 2. c4 c5 3. Nc3 cxd4 4. Qxd4 Nc6 5. Qd1 e5 6. e4 d6 7. Be2 Be7 8. Nf3
O-O 9. O-O Ne8 10. Be3 Be6 11. Qd2 h6 12. Nd5 f5 13. c5 f4 14. cxd6 fxe3 15.
fxe3 Nxd6 16. Nxe7+ Nxe7 17. Nxe5 Rxf1+ 18. Bxf1 Nxe4 19. Qe1 Qb6 20. Qh4 Qxe3+
21. Kh1 Nf2+ 22. Kg1 Nh3+ 23. Kh1 Qg1#
0-1

[Event "48° Campionato Italiano Assoluto ASCID"]
[Site "Senigallia (AN)"]
[Date "2021.07.27"]
[Round "3"]
[White "Vrioni, Bersan"]
[Black "Poli, Diego"]
[Result "1-0"]
[Board "1"]
[WhiteElo "1936"]
[BlackElo "1611"]
[Time "15:30:00"]
[TimeControl "40/6000+30:1200+30"]
[ECO "B23"]
[Opening "Sicilian"]
[Variation "closed"]
[PlyCount "91"]
[EventDate "2021.07.26"]
[EventRounds "7"]
[EventCountry "ITA"]
[Annotator "Bersca0.53"]

1. e4 c5 2. Nc3 e6 3. f4 d5 4. Bb5+ Bd7 5. Bxd7+ Qxd7 6. Nf3 Nc6 7. O-O O-O-O 8.
exd5 exd5 9. d3 d4 10. Ne4 Nf6 11. Nfd2 Nxe4 12. Nxe4 f5 13. Nd2 Bd6 14. Nc4 Bc7
15. Bd2 b5 16. Na3 a6 17. Qf3 Qd5 18. Qxd5 Rxd5 19. Rae1 Rdd8 20. Re6 Kd7 21.
Rfe1 Rhe8 22. Rxe8 Rxe8 23. Rxe8 Kxe8 24. g3 Kf7 25. Kf2 Ke6 26. c3 dxc3 27.
bxc3 b4 28. Nc4 a5 29. Nb2 Kd5 30. c4+ Ke6 31. Na4 Kd6 32. Be3 Nd4 33. Bxd4 cxd4
34. Kf3 g6 35. h4 h5 36. Ke2 Kc6 37. Kd2 Bd8 38. Kc2 Bc7 39. Nb2 Kc5 40. Kb3 Bd8
41. Nd1 Bc7 42. Ka4 Bd8 43. Nf2 Kd6 44. Kb5 Bc7 45. Nh3 Ke6 46. Ng5+
1-0

[Event "48° Campionato Italiano Assoluto ASCID"]
[Site "Senigallia (AN)"]
[Date "2021.07.27"]
[Round "3"]
[White "Pezzolato, Erica"]
[Black "Casadei, Marco"]
[Result "0-1"]
[Board "2"]
[WhiteElo "1453"]
[BlackElo "1932"]
[Time "15:30:00"]
[TimeControl "40/6000+30:1200+30"]
[ECO "A20"]
[Opening "English opening"]
[PlyCount "38"]
[EventDate "2021.07.26"]
[EventRounds "7"]
[EventCountry "ITA"]
[Annotator "Bersca0.53"]

1. c4 e5 2. d3 Nc6 3. Nf3 f5 4. Bg5 Nf6 5. g3 g6 6. Bg2 Bg7 7. Nc3 O-O 8. Qd2 d6
9. O-O Be6 10. Nd5 Kh8 11. Bxf6 Bxf6 12. Nxf6 Qxf6 13. Qh6 Rae8 14. Ng5 Bg8 15.
Bd5 Re7 16. Bxg8 Rxg8 17. Rae1 e4 18. dxe4 fxe4 19. e3 Ne5
0-1

[Event "48° Campionato Italiano Assoluto ASCID"]
[Site "Senigallia (AN)"]
[Date "2021.07.27"]
 [Round "3"]
[White "Pugliese, Giuseppe Franco"]
[Black "Sommadossi, Roberto"]
[Result "1-0"]
[Board "3"]
[WhiteElo "1630"]
[BlackElo "1435"]
[Time "15:30:00"]
[TimeControl "40/6000+30:1200+30"]
[ECO "C42"]
[Opening "Petrov three knights game"]
[PlyCount "67"]
[EventDate "2021.07.26"]
[EventRounds "7"]
[EventCountry "ITA"]
[Annotator "Bersca0.53"]

1. e4 e5 2. Nf3 Nf6 3. Nc3 Bc5 4. d4 exd4 5. Nxd4 Nc6 6. Nxc6 bxc6 7. Bd3 d6 8.
O-O Ng4 9. Qf3 Ne5 10. Qg3 Bg4 11. Be2 h5 12. Bxg4 Qf6 13. Be3 Bxe3 14. fxe3 Qg6
15. Be2 Qxg3 16. hxg3 Ng4 17. Bxg4 hxg4 18. Kf2 Rb8 19. b3 Rh6 20. Rh1 Rf6+ 21.
Ke2 Ke7 22. Raf1 a5 23. a4 Ke6 24. Rxf6+ gxf6 25. Rh5 c5 26. Kd3 c6 27. Ne2 Rb4
28. Kd2 Rxe4 29. c4 d5 30. Nf4+ Ke7 31. cxd5 Rb4 32. dxc6 Kd6 33. c7 Kxc7 34.
Nd5+
1-0

[Event "48° Campionato Italiano Assoluto ASCID"]
[Site "Senigallia (AN)"]
[Date "2021.07.27"]
[Round "3"]
[White "Battaglia, Gabriele"]
[Black "Manneschi, Fabrizio"]
[Result "1-0"]
[Board "5"]
[WhiteElo "1245"]
[BlackElo "1335"]
[Time "15:30:00"]
[TimeControl "40/6000+30:1200+30"]
[ECO "A04"]
[Opening "Reti opening"]
[PlyCount "81"]
[EventDate "2021.07.26"]
[EventRounds "7"]
[EventCountry "ITA"]
[Annotator "Bersca0.53"]

1. Nf3 Nc6 2. g3 e5 3. d3 h6 4. Bg2 Bd6 5. O-O Nce7 6. Nbd2 Nf6 7. Nc4 Bc5 8.
Ncxe5 O-O 9. d4 Bd6 10. Nc4 Nh7 11. Nxd6 cxd6 12. Bf4 Qc7 13. e4 Re8 14. e5 d5
15. e6 Qd8 16. exf7+ Kxf7 17. Ne5+ Kg8 18. c4 d6 19. Nd3 dxc4 20. Ne1 Nf6 21.
Rc1 d5 22. Nf3 Nc6 23. Re1 Ne4 24. Ne5 Qf6 25. Bxe4 dxe4 26. Rxe4 Bf5 27. Re3
Nxe5 28. Bxe5 Rxe5 29. dxe5 Qg5 30. Rxc4 Bg4 31. Rxg4 Qe7 32. Qd5+ Kh8 33. e6
Rd8 34. Qf3 Rd6 35. Rge4 Rc6 36. Re2 Rc1+ 37. Kg2 Qd6 38. e7 Qd1 39. e8=Q+ Kh7
40. Qf5+ g6 41. Qff7#
1-0

[Event "48° Campionato Italiano Assoluto ASCID"]
[Site "Senigallia (AN)"]
[Date "2021.07.27"]
[Round "3"]
[White "Tinti, Jacopo"]
[Black "Parravano, Luca"]
[Result "1-0"]
[Board "7"]
[WhiteElo "999"]
[BlackElo "999"]
[Time "15:30:00"]
[TimeControl "40/6000+30:1200+30"]
[ECO "A10"]
[Opening "English opening"]
[PlyCount "53"]
[EventDate "2021.07.26"]
[EventRounds "7"]
[EventCountry "ITA"]
[Annotator "Bersca0.53"]

1. c4 d6 2. g3 e5 3. Nc3 Nf6 4. Bg2 Be7 5. e3 c5 6. Nge2 O-O 7. O-O Nc6 8. a3
Rb8 9. b4 cxb4 10. axb4 e4 11. Nxe4 a6 12. N4c3 Nxb4 13. d4 d5 14. c5 b6 15. e4
bxc5 16. e5 Ne4 17. Nxe4 dxe4 18. Bxe4 cxd4 19. Nxd4 Bc5 20. Bb2 f6 21. Qh5 f5
22. Nxf5 Bxf5 23. Bxf5 g6 24. Bxg6 Qd7 25. e6 Qe7 26. Bxh7+ Qxh7 27. Qg5+
1-0

[Event "48° Campionato Italiano Assoluto ASCID"]
[Site "Senigallia (AN)"]
[Date "2021.07.27"]
[Round "3"]
[White "Delmonte, Davide"]
[Black "Balsamo, Selida"]
[Result "1-0"]
[Board "9"]
[WhiteElo "1170"]
[BlackElo "999"]
[Time "15:30:00"]
[TimeControl "40/6000+30:1200+30"]
[ECO "D08"]
[Opening "QGD"]
[Variation "Albin counter-gambit"]
[PlyCount "61"]
[EventDate "2021.07.26"]
[EventRounds "7"]
[EventCountry "ITA"]
[Annotator "Bersca0.53"]

1. d4 d5 2. c4 e5 3. dxe5 Nc6 4. Nf3 d4 5. Bg5 Be7 6. Bf4 f6 7. e6 Bxe6 8. Qa4
Bb4+ 9. Bd2 a5 10. Nxd4 Qxd4 11. e3 Qxb2 12. Bd3 Qxa1 13. O-O Bxd2 14. Nxd2 Qc3
15. Ne4 Bd7 16. Nxc3 Nge7 17. Nd5 Nb4 18. Nxc7+ Kd8 19. Ne6+ Bxe6 20. c5 Nxd3
21. Rd1 Bf5 22. e4 Bd7 23. Rxd3 Nc6 24. Qb5 Ra6 25. Qxb7 Nb8 26. Qxb8+ Ke7 27.
Qxh8 Re6 28. Qxg7+ Ke8 29. Qxd7+ Kf8 30. Qxe6 Kg7 31. Qf5
1-0

[Event "48° Campionato Italiano Assoluto ASCID"]
[Site "Senigallia (AN)"]
[Date "2021.07.28"]
[Round "4"]
[White "Casadei, Marco "]
[Black "Vrioni, Bersan"]
[Result "1-0"]
[Board "1"]
[WhiteElo "1932"]
[BlackElo "1936"]
[Time "15:30:00"]
[TimeControl "40/6000+30:1200+30"]
[ECO "C41"]
[Opening "Philidor"]
[Variation "exchange variation"]
[PlyCount "91"]
[EventDate "2021.07.26"]
[EventRounds "7"]
[EventCountry "ITA"]
[Annotator "Bersca0.53"]

1. e4 e5 2. Nf3 d6 3. d4 exd4 4. Nxd4 Nf6 5. Nc3 Be7 6. Be2 O-O 7. O-O Re8 8. f4
Nbd7 9. Bf3 c6 10. Nb3 Nb6 11. f5 Nc4 12. Qe2 Ne5 13. Bf4 Nfd7 14. Rad1 Qc7 15.
g4 Nxf3+ 16. Rxf3 Ne5 17. Rh3 g5 18. Be3 f6 19. Nd2 Kg7 20. Nc4 b5 21. Nxe5 dxe5
22. Qf2 h6 23. Bc5 Ba6 24. b4 Red8 25. Rhd3 Rxd3 26. Rxd3 Rd8 27. Bxe7 Rxd3 28.
Bxf6+ Kxf6 29. cxd3 Qe7 30. a3 Bc8 31. Qc5 Qxc5+ 32. bxc5 a5 33. Kf2 b4 34. axb4
axb4 35. Na4 Bd7 36. Ke3 Be8 37. Nb6 Ke7 38. Kd2 Bf7 39. Nc4 Kf6 40. Kc2 h5 41.
h3 h4 42. Kb3 Bh5 43. gxh5 g4 44. Ne3 g3 45. h6 Kf7 46. Ng2
1-0

[Event "48° Campionato Italiano Assoluto ASCID"]
[Site "Senigallia (AN)"]
[Date "2021.07.28"]
[Round "4"]
[White "Poli, Diego"]
[Black "Pugliese, Giuseppe Franco"]
[Result "1-0"]
[Board "2"]
[WhiteElo "1611"]
[BlackElo "1630"]
[Time "15:30:00"]
[TimeControl "40/6000+30:1200+30"]
[ECO "A56"]
[Opening "Benoni defence"]
[PlyCount "67"]
[EventDate "2021.07.26"]
[EventRounds "7"]
[EventCountry "ITA"]
[Annotator "Bersca0.53"]

1. d4 Nf6 2. c4 c5 3. e3 e6 4. Nc3 Be7 5. Nf3 O-O 6. Bd3 b6 7. d5 d6 8. Qc2 g6
9. e4 Ng4 10. h3 Ne5 11. Nxe5 dxe5 12. Bh6 Re8 13. Qd2 f5 14. f4 Bh4+ 15. Ke2
Bg3 16. fxe5 Bxe5 17. Raf1 Bd4 18. Kd1 exd5 19. exf5 Bxf5 20. Bxf5 dxc4 21. Be6+
Kh8 22. Nd5 Nc6 23. Bg5 Rxe6 24. Bxd8 Rxd8 25. Re1 Red6 26. Kc2 Nb4+ 27. Nxb4
cxb4 28. Qe2 b3+ 29. axb3 cxb3+ 30. Kxb3 a5 31. Rd1 b5 32. Rd3 a4+ 33. Ka2 b4
34. Rhd1
1-0

[Event "48° Campionato Italiano Assoluto ASCID"]
[Site "Senigallia (AN)"]
[Date "2021.07.28"]
[Round "4"]
[White "Zanotti, Damiano"]
[Black "Pezzolato, Erica"]
[Result "0-1"]
[Board "3"]
[WhiteElo "999"]
[BlackElo "1453"]
[Time "15:30:00"]
[TimeControl "40/6000+30:1200+30"]
[ECO "B00"]
[Opening "King's pawn opening"]
[PlyCount "104"]
[EventDate "2021.07.26"]
[EventRounds "7"]
[EventCountry "ITA"]
[Annotator "Bersca0.53"]

1. e4 d6 2. d4 Nf6 3. Nf3 Nxe4 4. Bd3 Nf6 5. Bg5 Nbd7 6. Nc3 g6 7. Qd2 Bg7 8. d5
Nc5 9. Bxf6 Bxf6 10. Be2 O-O 11. Nd4 a5 12. g4 e6 13. dxe6 Nxe6 14. Nxe6 Bxe6
15. f4 Qd7 16. g5 Bg7 17. h4 Rfe8 18. O-O-O Re7 19. Bd3 c6 20. h5 Bg4 21. Rdg1
Bxh5 22. Rxh5 gxh5 23. Qh2 Qe6 24. Nd1 f5 25. Qxh5 Qg6 26. Qh3 Rf8 27. Ne3 Rxe3
28. Qxe3 c5 29. c4 Bd4 30. Qe1 Bxg1 31. Qxg1 Re8 32. Kd2 Qe6 33. Kc3 Qe1+ 34.
Qxe1 Rxe1 35. Bxf5 Rf1 36. Be6+ Kg7 37. f5 h5 38. f6+ Kg6 39. f7 Kxg5 40. Kd3 h4
41. Ke2 Rf6 42. Bd5 b6 43. a4 h3 44. b3 Kg4 45. Ke3 Kg3 46. Ke4 h2 47. Kd3 Kf2
48. Bh1 Rxf7 49. Kd2 Kg1 50. Bd5 Rf2+ 51. Ke3 Rf8 52. Bh1 Kxh1
0-1

[Event "48° Campionato Italiano Assoluto ASCID"]
[Site "Senigallia (AN)"]
[Date "2021.07.28"]
[Round "4"]
[White "Marinò, Giuseppe"]
[Black "Battaglia, Gabriele"]
[Result "1/2-1/2"]
[Board "5"]
[WhiteElo "1353"]
[BlackElo "1245"]
[Time "15:30:00"]
[TimeControl "40/6000+30:1200+30"]
[ECO "A41"]
[Opening "Queen's pawn"]
[PlyCount "54"]
[EventDate "2021.07.26"]
[EventRounds "7"]
[EventCountry "ITA"]
[Annotator "Bersca0.53"]

1. d4 d6 2. e3 Bf5 3. Bd3 Bxd3 4. Qxd3 Nf6 5. Nf3 Nbd7 6. c3 g6 7. O-O Bg7 8.
Nbd2 O-O 9. Qc2 Rc8 10. Re1 Re8 11. e4 e5 12. Nf1 exd4 13. Nxd4 Nc5 14. Bg5 h6
15. Bxf6 Bxf6 16. Rad1 Qd7 17. Nf3 h5 18. e5 Bg7 19. exd6 Rxe1 20. Nxe1 Be5 21.
dxc7 Qxc7 22. Nf3 Bf4 23. Nd4 Re8 24. Nf3 Qe7 25. Re1 Qd7 26. Rxe8+ Qxe8 27. Qd1
Qd7
1/2-1/2

[Event "48° Campionato Italiano Assoluto ASCID"]
[Site "Senigallia (AN)"]
[Date "2021.07.28"]
[Round "4"]
[White "Sommadossi, Roberto"]
[Black "Delmonte, Davide"]
[Result "1-0"]
[Board "6"]
[WhiteElo "1435"]
[BlackElo "1170"]
[Time "15:30:00"]
[TimeControl "40/6000+30:1200+30"]
[ECO "B00"]
[Opening "King's pawn opening"]
[PlyCount "40"]
[EventDate "2021.07.26"]
[EventRounds "7"]
[EventCountry "ITA"]
[Annotator "Bersca0.53"]

1. e4 d6 2. d4 e6 3. f4 Nc6 4. Nf3 Nf6 5. Qd3 Nb4 6. Qb5+ Bd7 7. Qxb4 Nxe4 8.
Bd3 c5 9. Qxb7 Qa5+ 10. c3 Rc8 11. Qxe4 d5 12. Qe2 Be7 13. O-O O-O 14. Ng5 Bb5
15. Bxb5 Rb8 16. Bd3 cxd4 17. Bxh7+ Kh8 18. Qh5 Bxg5 19. fxg5 f6 20. Bg6+ Kg8
1-0

[Event "48° Campionato Italiano Assoluto ASCID"]
[Site "Senigallia (AN)"]
[Date "2021.07.28"]
[Round "4"]
[White "Trapletti, Cosetta"]
[Black "Parravano, Luca"]
[Result "1-0"]
[Board "9"]
[WhiteElo "1245"]
[BlackElo "999"]
[Time "15:30:00"]
[TimeControl "40/6000+30:1200+30"]
[ECO "D04"]
[Opening "Queen's pawn game"]
[PlyCount "74"]
[EventDate "2021.07.26"]
[EventRounds "7"]
[EventCountry "ITA"]
[Annotator "Bersca0.53"]

1. d4 d5 2. Nf3 Nf6 3. e3 g6 4. Bd3 Bg7 5. O-O O-O 6. c4 Be6 7. Nc3 dxc4 8. Be2
c6 9. e4 b5 10. b4 Bg4 11. Be3 Re8 12. h3 Bxf3 13. Bxf3 e5 14. Bg4 Nxg4 15. Qxg4
exd4 16. Rad1 Qb6 17. Bxd4 Bxd4 18. Ne2 Be5 19. Qf3 c5 20. bxc5 Qxc5 21. Rd5 Qc7
22. Ng3 a6 23. a3 Nd7 24. Qg4 Nf6 25. Qg5 Nxd5 26. exd5 Bxg3 27. fxg3 Qc5+ 28.
Kh2 c3 29. Qf6 Rf8 30. Rc1 Qxa3 31. Rxc3 Qb2 32. Qc6 Rac8 33. Qf6 Rxc3 34. h4
Rc2 35. h5 Qxf6 36. h6 Qg5 37. Kh3 Qh5#
0-1

[Event "48° Campionato Italiano Assoluto ASCID"]
[Site "Senigallia (AN)"]
[Date "2021.07.29"]
[Round "5"]
[White "Pezzolato, Erica"]
[Black "Poli, Diego"]
[Result "0-1"]
[Board "2"]
[WhiteElo "1453"]
[BlackElo "1611"]
[Time "15:30:00"]
[TimeControl "40/6000+30:1200+30"]
[ECO "A20"]
[Opening "English opening"]
[PlyCount "96"]
[EventDate "2021.07.26"]
[EventRounds "7"]
[EventCountry "ITA"]
[Annotator "Bersca0.53"]

1. c4 e5 2. d3 Nc6 3. Nf3 Nf6 4. g3 d5 5. cxd5 Nxd5 6. Bg2 Bb4+ 7. Bd2 Bxd2+ 8.
Qxd2 O-O 9. O-O f5 10. Nc3 Nxc3 11. Qxc3 Qf6 12. Rab1 Be6 13. a3 Rad8 14. Rbc1
Rd7 15. Rfd1 Rfd8 16. e3 e4 17. Qxf6 gxf6 18. Ne1 Bb3 19. Rd2 Ne5 20. Bh3 Be6
21. d4 c6 22. Rdc2 Nf3+ 23. Nxf3 exf3 24. Bf1 Bd5 25. Bc4 Kf7 26. Bxd5+ Rxd5 27.
Rc5 Ke6 28. Kf1 h5 29. h4 Rxc5 30. Rxc5 Rd5 31. Ke1 Rxc5 32. dxc5 Kd5 33. b4 b6
34. cxb6 axb6 35. Kd2 Kc4 36. Kc2 c5 37. bxc5 bxc5 38. a4 Kb4 39. a5 Kxa5 40.
Kc3 Kb5 41. Kb3 c4+ 42. Kc3 Kc5 43. Kc2 Kb4 44. Kb2 c3+ 45. Kc1 Kb3 46. Kb1 c2+
47. Kc1 Kc3 48. g4 fxg4
0-1

[Event "48° Campionato Italiano Assoluto ASCID"]
[Site "Senigallia (AN)"]
[Date "2021.07.29"]
[Round "5"]
[White "Vrioni, Bersan"]
[Black "Pugliese, Giuseppe Franco"]
[Result "1-0"]
[Board "3"]
[WhiteElo "1936"]
[BlackElo "1630"]
[Time "15:30:00"]
[TimeControl "40/6000+30:1200+30"]
[ECO "C50"]
[Opening "King's pawn game"]
[PlyCount "35"]
[EventDate "2021.07.26"]
[EventRounds "7"]
[EventCountry "ITA"]
[Annotator "Bersca0.53"]

1. e4 e5 2. Nf3 Nc6 3. Bc4 h6 4. d4 exd4 5. Nxd4 Qh4 6. O-O Bc5 7. Nf3 Qd8 8.
Qd5 Qe7 9. e5 Nb4 10. Qe4 Nf6 11. Qe2 d5 12. Bb3 O-O 13. Nc3 Bg4 14. exf6 Qd6
15. a3 Nc6 16. Nxd5 Nd4 17. Qe4 Bf5 18. Ne7+
1-0